cohdb
Replays
Latest Replays
All Replays
Popular Replays
Top Player Replays
Match Explorer
How It Works
Community
CoH3 Stats
Reddit
Sign in to upload your games and track your stats! →
Sign in with Steam
Match 46916438
Unlisted
Match 46916438
Overview
Messages
Build Orders
End
Scout Squad
Construct Weapon Support Center
Selects Special Operations Battlegroup
M1919 Machine Gun Team
M1919 Machine Gun Team
Selects M29 Weasel Recon Vehicle
Sniper
Infantry Support Center
Selects Raiding Flares
Bazooka Squad
Construct Medical Station
M3 Armored Personnel Carrier
ShoulderGuyGuy
Adult Asthma Is A Choice
Not Emily Willis™
nub
CAuMOH
[82AD] Janko
0
0
Comments
sign in to comment!
No comments posted yet!